 Dungeon Crawl Stone Soup version 0.27-a0-1006-g1fd4cec11e (webtiles) character file.

Game seed: 12305058306060061282

0 1player the Grasshopper (level 1, -1/9 HPs)
             Began as a Felid Warper on Apr 17, 2021.
             Slain by a jackal (3 damage)
             ... on level 1 of the Dungeon.
             The game lasted 00:00:59 (155 turns).

1player the Grasshopper (Felid Warper)               Turns: 155, Time: 00:00:59

Health: -1/9       AC:  1    Str:  7    XL:     1   Next: 8%
Magic:  4/4        EV: 17    Int: 14    God:
Gold:   0          SH:  0    Dex: 15    Spells: 4/4 levels left
                                        Lives:  0   Deaths: 0

rFire    . . .     SeeInvis +     - Unarmed
rCold    . . .     Faith    .   (shield unavailable)
rNeg     . . .     Spirit   .   (armour unavailable)
rPois    .         Reflect  .   (helmet unavailable)
rElec    .         Harm     .   (cloak unavailable)
rCorr    .         Rampage  .   (gloves unavailable)
Will     .....                  (boots unavailable)
Stlth    +.........             (no amulet)
HPRegen  0.03/turn              (no ring)
MPRegen  0.09/turn              (no ring)

@: quick
A: very small, claws 1, fangs 3, see invisible, speed 1, shaggy fur 1, stealthy
paws, no weapons or thrown items, no armour, multi-lived
a: no special abilities


You were on level 1 of the Dungeon.
You visited 1 branch of the dungeon, and saw 1 of its levels.

Inventory:

Scrolls
 b - a scroll of blinking
Potions
 c - a potion of flight {unknown}


   Skills:
 - Level 2.0 Fighting
 + Level 3.2 Dodging
 * Level 0.2 Stealth
 - Level 2.0 Unarmed Combat
 - Level 2.0 Spellcasting
 - Level 4.4 Translocations


You had 4 spell levels left.
You didn't know any spells.
Your spell library contained the following spells:

 Spells                   Type           Power      Damage    Failure   Level
 Blink                    Tloc           N/A        N/A       6%          2
 Gell's Gravitas          Tloc           6%         N/A       12%         3
 Lesser Beckoning         Tloc           6%         N/A       12%         3
 Teleport Other           Tloc           13%        N/A       12%         3
 Manifold Assault         Tloc           13%        N/A       73%         5


Dungeon Overview and Level Annotations

Branches:
Dungeon (1/15)

Altars:


Innate Abilities, Weirdness & Mutations

You have sharp claws.
You have razor-sharp teeth.
You have supernaturally acute eyesight. (SInv)
You cover ground quickly. (Speed+)
You are covered in fur. (AC +1)
Your paws help you pounce on unaware monsters.
You are incapable of wielding weapons or throwing items.
You cannot wear armour.
You gain extra lives every three experience levels.


Message History

You close the door.
You open the door.
A goblin comes into view. It is wielding a +0 club.
There is an open door here.
The jackal closely misses you. The jackal misses you.
The jackal closely misses you.
There is an open door, spattered with blood here.
You see here a +0 club.
You scratch the jackal but do no damage.
The jackal barely misses you. The jackal bites you.
You scratch the frilled lizard. Your bite misses the frilled lizard.
The frilled lizard is heavily wounded.
The frilled lizard bites you.
* * * LOW HITPOINT WARNING * * *
The jackal completely misses you.
You barely miss the frilled lizard.
The frilled lizard is heavily wounded.
The jackal bites you but does no damage.
The frilled lizard misses you.
You scratch the frilled lizard.
You kill the frilled lizard!
The jackal misses you. The jackal barely misses you.
There is a large open door here.
The jackal closely misses you. The jackal bites you.
* * * LOW HITPOINT WARNING * * *
The jackal misses you.
You scratch the kobold.
The kobold is severely wounded.
The jackal closely misses you. The jackal barely misses you.
The kobold closely misses you. The kobold closely misses you.
The goblin shouts!
There is an open door here.
Found a stone staircase leading down.
You close the door.
A kobold opens the door.
The jackal bites you.
You die...

##....###......>.
#......##...#.#.#
##.⌠....##........
#........#........
#.⌠...h..#........
#...##.h.#........
#.h####.h#g.......
+.h'h>+.Kh........
#..####..#@....#..
#...##...#.......#
#......⌠.#...#.###
#........#...# ..
##....⌠.##...# ##
#..)...##...#
##....###...#
..####''####...#
#...............#


You could see 4 jackals, a goblin and a kobold.

Vanquished Creatures
  A frilled lizard (D:1)
1 creature vanquished.

Notes
Turn   | Place    | Note
-------+----------+-------------------------------------------
     0 | D:1      | 1player the Felid Warper began the quest for the Orb.
     0 | D:1      | Reached XP level 1. HP: 9/9 MP: 4/4
   155 | D:1      | Slain by a jackal

Illustrated notes

Levels and vault maps discovered:
D:1:      dpeg_arrival_refuge, layout_basic, serial_forest,
          infiniplex_forest_lined_2, infiniplex_forest_clump_diagonal,
          infiniplex_forest_end_2, infiniplex_forest_lined_room_2,
          infiniplex_forest_clump_medium, infiniplex_forest_straight_3

Action                   || total
-------------------------++-------
Melee: Unarmed           ||     8
Armor: Skin              ||     1
Dodge: Dodged            ||    17

Table legend: (Time is in decaauts)
 A = Elapsed time spent in this place.
 B = Non-inter-level travel time spent in this place.
 C = Inter-level travel time spent in this place.
 D = Time resting spent in this place.
 E = Time spent auto-exploring this place.
 F = Levels seen in this place.
 G = Mean time per level.
                   A        B        C        D        E       F      G
               +--------+--------+--------+--------+--------+-----+--------+
         Total |    134 |    134 |      0 |     39 |      0 |   1 |  134.0 |
       Dungeon |    134 |    134 |      0 |     39 |      0 |   1 |  134.0 |
               +--------+--------+--------+--------+--------+-----+--------+

Top non-repeatable levels by time:
     D:1: 134 daAuts
